 Dungeon Crawl Stone Soup version 0.27-a0-1273-gec92ba881d (webtiles) character file.

Game seed: 16949171623184506843

15 deadmanwalking the Sneak (level 2, 0/16 HPs)
             Began as a Spriggan Delver on June 11, 2021.
             Succumbed to a kobold brigand's poison
             ... in a sewer.
             The game lasted 00:01:51 (298 turns).

deadmanwalking the Sneak (Spriggan Delver)           Turns: 298, Time: 00:01:52

Health: 0/16       AC:  2    Str:  8    XL:     2   Next: 34%
Magic:  3/3        EV: 18    Int: 11    God:
Gold:   0          SH:  0    Dex: 16    Spells: 1/1 levels left

rFire    . . .     SeeInvis +   a - +0 short sword
rCold    . . .     Faith    .   (shield restricted)
rNeg     . . .     Spirit   .   b - +0 robe
rPois    .         Reflect  .   (helmet restricted)
rElec    .         Harm     .   (no cloak)
rCorr    .         Rampage  .   (gloves unavailable)
Will     .....                  (boots unavailable)
Stlth    ++........             (no amulet)
HPRegen  0.05/turn              (no ring)
MPRegen  0.08/turn              (no ring)

@: mighty, lethally poisoned (0 -> -5), slow
A: very small, no large weapons, unfitting armour, see invisible, speed 3
a: no special abilities


You were in a sewer.
You visited 1 branch of the dungeon, and saw 3 of its levels.
You also visited: Sewer.

Inventory:

Hand Weapons
 a - a +0 short sword (weapon)
Missiles
 h - 13 stones (quivered)
Armour
 b - a +0 robe (worn)
Wands
 g - a wand of digging (3)
Scrolls
 c - a scroll of fog
 d - a scroll of magic mapping
 e - a scroll of fear
Potions
 f - a potion of haste


   Skills:
 - Level 2.4 Fighting
 + Level 2.6 Short Blades
 + Level 3.2 Dodging
 + Level 7.6 Stealth


You had one spell level left.
You didn't know any spells.
Your spell library was empty.

Dungeon Overview and Level Annotations

Branches:
Dungeon (5/15)              Sewer (1/1)
 Temple: D:4-7

Altars:


Innate Abilities, Weirdness & Mutations

You are very small and have problems with some larger weapons.
You are too small for most types of armour.
You have supernaturally acute eyesight. (SInv)
You cover ground extremely quickly. (Speed+++)


Message History

You enter the shallow water.
Moving in this stuff is going to be slow.
A ball python and a kobold brigand come into view.
The kobold brigand is wielding a +0 club and quivering poisoned darts.
The ball python hisses angrily.
The ball python barely misses you. The ball python grabs you.
The ball python constricts you.
You escape the ball python's grasp.
You hit the ball python.
You kill the ball python!
You enter the shallow water.
Moving in this stuff is going to be slow.
You enter the shallow water.
Moving in this stuff is going to be slow.
The kobold brigand shouts!
The kobold brigand throws a poisoned dart.
The poisoned dart hits you!
You are poisoned.
You feel sick.
You enter the shallow water.
Moving in this stuff is going to be slow.
You feel sick.
The kobold brigand throws a poisoned dart.
The poisoned dart hits you!
You are lethally poisoned!
You feel very sick.
You feel very sick.
It was a potion of might.
You feel very mighty all of a sudden.
* * * LOW HITPOINT WARNING * * *
You feel sick.
* * * LOW HITPOINT WARNING * * *
You feel sick.
The kobold brigand hits you but does no damage.
Your unstable footing causes you to fumble your attack.
* * * LOW HITPOINT WARNING * * *
You feel sick.
The kobold brigand splashes around in the water.
Your unstable footing causes you to fumble your attack.
You die...

####### #.≈≈K≈##### ..
#####@≈.≈≈####### ≈.
#.≈≈≈≈###≈≈≈..≈≈## .≈
####### #≈≈≈≈≈.≈.# #.
#.≈≈≈≈###≈≈....≈.####≈
#####≈.≈≈≈####...≈##≈.
#†≈≈≈.##### ##..≈≈≈≈.
####### ##≈≈....
#≈≈.≈≈. #≈≈≈≈≈≈


You could see a kobold brigand.

Vanquished Creatures
  An adder (D:3)
  A worm (Sewer)
  A goblin (D:4)
  A ball python (Sewer)
4 creatures vanquished.

Notes
Turn   | Place    | Note
-------+----------+-------------------------------------------
     0 | D:5      | deadmanwalking the Spriggan Delver began the quest for the
                  | Orb.
     0 | D:5      | Reached XP level 1. HP: 11/11 MP: 2/2
    16 | D:5      | Noticed an iguana
    27 | D:5      | Noticed a centaur
    30 | D:5      | Noticed an ogre
    93 | D:3      | Found a glowing drain.
   116 | D:3      | Reached XP level 2. HP: 10/16 MP: 3/3
   145 | Sewer    | Entered a sewer
   275 | Sewer    | Noticed a kobold brigand
   298 | Sewer    | Succumbed to a kobold brigand's poison

Illustrated notes

Levels and vault maps discovered:
D:3:      layout_loops_ring, nicolae_dithmenos_shadow_blocks,
          portal_sewer_entry_d, minmay_crystal_room
D:4:      layout_basic
D:5:      layout_cave_pools, ashenzari_altar_1,
          chequers_temple_overflow_minitemple, xom_butterflies
Sewer:    sewer_co_tree

Skill      XL: |  1 |
---------------+----+-----
Dodging        | 3 |  3.2
Fighting       | |  2.4
Short Blades   | |  2.6
Stealth        | |  7.6

Action                   || total
-------------------------++-------
Melee: Short sword       ||    20
  Use: Potion            ||     1
 Stab: Sleeping          ||     1
Armor: Robe              ||     3
Dodge: Dodged            ||    18

Table legend: (Time is in decaauts)
 A = Elapsed time spent in this place.
 B = Non-inter-level travel time spent in this place.
 C = Inter-level travel time spent in this place.
 D = Time resting spent in this place.
 E = Time spent auto-exploring this place.
 F = Levels seen in this place.
 G = Mean time per level.
                   A        B        C        D        E       F      G
               +--------+--------+--------+--------+--------+-----+--------+
         Total |    281 |    281 |      0 |    143 |     15 |   4 |   70.2 |
       Dungeon |    127 |    127 |      0 |     55 |      3 |   3 |   42.3 |
         Sewer |    153 |    153 |      0 |     88 |     12 |   1 |  153.0 |
               +--------+--------+--------+--------+--------+-----+--------+

Top non-repeatable levels by time:
   Sewer: 153 daAuts
     D:3: 56 daAuts
     D:4: 50 daAuts
     D:5: 20 daAuts
